 Dungeon Crawl Stone Soup version 0.30-a0-304-gdc4b735fe1 (webtiles) character file.

Game seed: 10184695418466961485

44 Dnbvrw the Vexing (level 3, 0/16 HPs)
             Began as a Spriggan Enchanter on Oct 20, 2022.
             Succumbed to an adder's poison
             ... on level 2 of the Dungeon.
             The game lasted 00:03:13 (1078 turns).

Dnbvrw the Vexing (Spriggan Enchanter)              Turns: 1078, Time: 00:03:14

Health: 0/16       AC:  2    Str:  6    XL:     3   Next: 41%
Magic:  4/9        EV: 17    Int: 16    God:
Gold:   61         SH:  0    Dex: 15    Spells: 1/9 levels left

rFire   . . .      SeeInvis +    a - +1 dagger
rCold   . . .      Faith    .    (no shield)
rNeg    . . .      Spirit   .    b - +0 robe
rPois   .          Reflect  .    (helmet restricted)
rElec   .          Harm     .    (no cloak)
rCorr   .          Rampage  .    (gloves unavailable)
Will    .....                    (boots unavailable)
Stlth   +++.......               g - amulet of magic regeneration
HPRegen 0.22/turn                (no ring)
MPRegen 0.51/turn                (no ring)

@: brilliant, lethally poisoned (0 -> -1), very quick
A: very small, no large weapons, unfitting armour, see invisible, speed 3
a: no special abilities


You were on level 2 of the Dungeon.
You visited 1 branch of the dungeon, and saw 2 of its levels.

You collected 61 gold pieces.

Inventory:

Hand Weapons
 a - a +1 dagger (weapon)
Armour
 b - a +0 robe (worn)
Jewellery
 g - an amulet of magic regeneration (around neck)
Scrolls
 e - a scroll of amnesia {unknown}
 f - a scroll of identify {unknown}
 h - a scroll of torment {unknown}
Potions
 c - 3 potions of invisibility
 i - a potion of brilliance


   Skills:
 - Level 1.1 Short Blades
 - Level 2.6 Dodging
 - Level 4.4 Stealth
 + Level 3.9 Spellcasting
 + Level 4.6 Hexes


You had one spell level left.
You knew the following spells:

 Your Spells              Type           Power      Damage    Failure   Level
a - Ensorcelled Hibernat  Hex/Ice        30%        N/A       10%         2
b - Tukima's Dance        Hex            27%        N/A       8%          3
d - Confusing Touch       Hex            27%        N/A       8%          3

Your spell library contained the following spells:

 Spells                   Type           Power      Damage    Failure   Level
 Dazzling Flash           Conj/Hex       30%        N/A       21%         3
 Stone Arrow              Conj/Erth      8%         3d7       45%         3
 Animate Armour           Summ/Erth      8%         N/A       86%         4
 Lehudib's Crystal Spear  Conj/Erth      2%         10d2      100%        8


Dungeon Overview and Level Annotations

Branches:
Dungeon (2/15)

Altars:


Innate Abilities, Weirdness & Mutations

You are very small and have problems with some larger weapons.
You are too small for most types of armour.
You have supernaturally acute eyesight. (SInv)
You cover ground extremely quickly. (Speed+++)


Message History

Casting: Ensorcelled Hibernation (safe; 10% risk of failure)
Confirm with . or Enter, or press ? or * to list all spells.
Aiming: Ensorcelled Hibernation (safe; 10% risk of failure)
Press: ? - help, Shift-Dir - straight line, f/p - adder
Aim: an adder (moderately wounded, chance to affect: 52%)
The adder resists with significant effort.
You feel sick. The adder misses you. The adder bites you.
Casting: Ensorcelled Hibernation (safe; 10% risk of failure)
Confirm with . or Enter, or press ? or * to list all spells.
Aiming: Ensorcelled Hibernation (safe; 10% risk of failure)
Press: ? - help, Shift-Dir - straight line, f/p - adder
Aim: an adder (moderately wounded, chance to affect: 52%)
The adder resists with significant effort.
You feel sick. The adder bites you.
You are lethally poisoned!
The adder poisons you!
Casting: Ensorcelled Hibernation (safe; 10% risk of failure)
Confirm with . or Enter, or press ? or * to list all spells.
Aiming: Ensorcelled Hibernation (safe; 10% risk of failure)
Press: ? - help, Shift-Dir - straight line, f/p - adder
Aim: an adder (moderately wounded, chance to affect: 52%)
The adder resists with significant effort.
* * * LOW HITPOINT WARNING * * *
You feel sick. The adder bites you but does no damage.
Unknown command.
It was a potion of brilliance.
You feel clever all of a sudden.
* * * LOW HITPOINT WARNING * * *
You feel sick. The adder closely misses you. x2
Unknown command.
* * * LOW HITPOINT WARNING * * *
You feel sick.
Your magical contamination has completely faded away.
* * * LOW HITPOINT WARNING * * *
You feel sick.
A gnoll comes into view. It is wielding a +0 whip.
* * * LOW HITPOINT WARNING * * *
You feel sick.
Found a stone staircase leading down.
You die...

######### ........#
........# ........#
........# ######
........###....######...
.............S..@......>
........###....######.g.
........# ###.....##
........# #####..#
######.## ##.# #.. #.#
### #.# #.## #######..#


You could see a gnoll (asleep) and an adder.

Vanquished Creatures
  2 dart slugs (D:1)
  2 ball pythons (D:1)
  2 bats (D:2)
  5 endoplasms (D:1)
  2 goblins
  4 hobgoblins
  7 jackals (D:1)
  2 quokkas (D:1)
  4 frilled lizards (D:1)
  3 kobolds (D:1)
  2 rats (D:1)
35 creatures vanquished.

Vanquished Creatures (others)
  4 toadstools (D:1)
4 creatures vanquished.

Grand Total: 39 creatures vanquished

Notes
Turn   | Place    | Note
-------+----------+-------------------------------------------
     0 | D:1      | Dnbvrw the Spriggan Enchanter began the quest for the Orb.
     0 | D:1      | Reached XP level 1. HP: 9/9 MP: 5/5
   169 | D:1      | Reached XP level 2. HP: 13/13 MP: 7/7
   172 | D:1      | Learned a level 2 spell: Ensorcelled Hibernation
   550 | D:1      | Reached XP level 3. HP: 11/16 MP: 9/9
   566 | D:1      | Learned a level 3 spell: Tukima's Dance
   570 | D:1      | Learned a level 3 spell: Confusing Touch
  1078 | D:2      | Succumbed to an adder's poison

Illustrated notes

Levels and vault maps discovered:
D:1:      ldierk_walled_garden_2, layout_loops_ring
D:2:      layout_rooms

Skill      XL: |  1 |
---------------+----+-----
Spellcasting   | 3 |  3.9
Hexes          | 4 |  4.6
Short Blades   | |  1.1
Dodging        | |  2.6
Stealth        | |  4.4

Action                   || total
-------------------------++-------
Melee: Dagger            ||   133
       Punch             ||     2
 Cast: Ensorcelled Hiber ||    11
  Use: Scroll            ||     1
       Potion            ||     1
 Stab: Sleeping          ||    16
Armor: Robe              ||     9
Dodge: Dodged            ||   100

Table legend: (Time is in decaauts)
 A = Elapsed time spent in this place.
 B = Non-inter-level travel time spent in this place.
 C = Inter-level travel time spent in this place.
 D = Time resting spent in this place.
 E = Time spent auto-exploring this place.
 F = Levels seen in this place.
 G = Mean time per level.
                   A        B        C        D        E       F      G
               +--------+--------+--------+--------+--------+-----+--------+
         Total |    772 |    765 |      7 |      3 |    500 |   2 |  386.0 |
       Dungeon |    772 |    765 |      7 |      3 |    500 |   2 |  386.0 |
               +--------+--------+--------+--------+--------+-----+--------+

Top non-repeatable levels by time:
     D:1: 701 daAuts
     D:2: 70 daAuts
